 Dungeon Crawl Stone Soup version 0.17.0-7-gfadd4cc (console) character file.

56 gw the Cutter (level 3, -1/22 HPs)
             Began as a Deep Elf Abyssal Knight on Nov 9, 2015.
             Was a Follower of Lugonu.
             Slain by a hobgoblin (2 damage)
             ... led by Robin
             ... on level 2 of the Dungeon.
             The game lasted 00:01:18 (1385 turns).

gw the Cutter (Deep Elf Abyssal Knight)             Turns: 1385, Time: 00:01:18

Health: -1/22      AC: 10    Str:  9    XL:     3   Next: 69%
Magic:  6/7        EV:  1    Int: 16    God:    Lugonu [*.....]
Gold:   52         SH:  0    Dex: 15    Spells: 0 memorised, 2 levels left

rFire  . . .     SeeInvis .     a - +1 short sword
rCold  . . .     Clarity  .     e - +0 plate armour
rNeg   . . .     SustAt   .     (no shield)
rPois  .         Gourm    .     (no helmet)
rElec  .         Spirit   .     (no cloak)
rCorr  .         Warding  .     (no gloves)
rMut   .         Stasis   .     (no boots)
MR     .....                    (no amulet)
Stlth  ..........               (no ring)
                                (no ring)

@: not resistant to hostile enchantments, extremely unstealthy
A: no striking features
a: Depart the Abyss, Renounce Religion


You were on level 2 of the Dungeon.
You worshipped Lugonu.
Lugonu was aware of your devotion.
You were not hungry.

You visited 1 branch of the dungeon, and saw 2 of its levels.
You visited the Abyss 1 time.

You collected 52 gold pieces.

Inventory:

Hand Weapons
 a - a +1 short sword (weapon)
Missiles
 d - 17 arrows
Armour
 e - a +0 plate armour (worn)
Comestibles
 c - a bread ration


   Skills:
 + Level 2.7 Fighting
 * Level 2.9 Short Blades
 + Level 1.4 Armour
 - Level 2.4 Dodging
 + Level 2.7 Invocations


You had 2 spell levels left.
You didn't know any spells.

Dungeon Overview and Level Annotations

Branches:
Dungeon (2/15)

Altars:

Annotations:
D:2 Robin


Message History

Unknown command.
ATTACK MOVE TO (0,-1)
You closely miss the goblin.
The hobgoblin hits you but does no damage.
The goblin hits you with a dagger.
Unknown command.
Unknown command.
Unknown command.
Unknown command.
ATTACK MOVE TO (0,-1)
Your plate armour prevents you from hitting the goblin.
The hobgoblin hits you.
Unknown command.
Unknown command.
Unknown command.
Unknown command.
ATTACK MOVE TO (0,-1)
You closely miss the goblin. The goblin hits you with a dagger.
The hobgoblin hits you.
You die...

... ##.#!## #
.......#
#####.###.###
.......#
#......#.....
.......#
#.#####.##...
g......####.#
#.##.##
..grg...%.# #
##.##
...ggg..###
#.##
####g##.#
#.## #eg%.#
#.## ###..#
#.## #..#
#.## #....
#.# ##.###
$.# ..# ..#


You could see 2 hobgoblins, 5 goblins and a rat.

Table legend:
 A = Turns spent in this place as a percentage of turns spent in the entire game.
 B = Non-inter-level travel turns spent in this place as a percentage of non-inter-level travel turns spent in the entire game.
 C = Inter-level travel turns spent in this place as a percentage of turns spent in this place.
 D = Turns resting spent in this place as a percentage of non-inter-level travel turns spent in this place.
 E = Turns spent auto-exploring this place as a percentage of non-inter-level travel turns spent in this place.
 F = Non-inter-level travel turns spent in this place divided by the number of levels of this place that you've seen.
                   A       B       C       D       E      F
               +-------+-------+-------+-------+-------+----------------------
         Total | 100.0 | 100.0 |   0.3 |   1.1 |   2.6 | 626.7
       Dungeon |  97.5 |  97.4 |   0.3 |   1.1 |   2.5 | 916.0
         Abyss |   2.5 |   2.6 |   0.0 |   0.0 |   6.2 |  48.0
               +-------+-------+-------+-------+-------+----------------------

Table legend:
 A = Kills in this place as a percentage of kills in entire the game.
 B = Kills by you in this place as a percentage of kills by you in the entire game.
 C = Kills by friends in this place as a percentage of kills by friends in the entire game.
 D = Other kills in this place as a percentage of other kills in the entire game.
 E = Experience gained in this place as a percentage of experience gained in the entire game.
 F = Experience gained in this place divided by the number of levels of this place that you have seen.
                   A       B       C       D       E      F
               +-------+-------+-------+-------+-------+----------------------
         Total | 100.0 | 100.0 |  -nan |  -nan | 100.0 |  26.7
       Dungeon | 100.0 | 100.0 |  -nan |  -nan | 100.0 |  40.0
               +-------+-------+-------+-------+-------+----------------------

Vanquished Creatures
  Natasha (D:2)
  An adder (D:2)
  A ball python (D:1)
  A giant cockroach (D:2)
  2 goblins
  A hobgoblin (D:1)
  4 bats
  A giant gecko (D:1)
  A giant newt (D:1)
  7 kobolds
  5 rats
25 creatures vanquished.

Notes
Turn   | Place    | Note
--------------------------------------------------------------
     0 | Abyss:1  | gw the Deep Elf Abyssal Knight began the quest for the Orb.
     0 | Abyss:1  | Reached XP level 1. HP: 13/13 MP: 4/4
    47 | Abyss:1  | Noticed an ice beast
    48 | D:1      | Escaped the Abyss
   302 | D:1      | Reached * piety under Lugonu
   673 | D:1      | Reached skill level 1 in Armour
   673 | D:1      | Reached XP level 2. HP: 15/18 MP: 5/5
  1120 | D:2      | Noticed Natasha
  1132 | D:2      | Killed Natasha
  1132 | D:2      | Reached XP level 3. HP: 8/22 MP: 6/6
  1370 | D:2      | Noticed Robin
  1385 | D:2      | HP: 1/22 [goblin/dagger[Robin] (1)]
  1385 | D:2      | Slain by a hobgoblin

Action                   || total
-------------------------++-------
Melee: Short sword       ||   101
Invok: Depart the Abyss  ||     1
  Eat: Chunk             ||     2

Vault maps used:
D:1:      ncdulo_lavacross, minmay_misc_feat_room, minmay_misc_feat_plants,
          st_stairs_13
D:2:      first_bread, uniq_sigmund, uniq_robin, uniq_natasha
Abyss:1:  evilmike_abyss_exit_glass
